 Dungeon Crawl Stone Soup version 0.28.0 (webtiles) character file.

Game seed: 13877875481248440438

162 Lambsauce the Skirmisher (level 5, -3/47 HPs)
             Began as a Hill Orc Fighter on Feb 12, 2022.
             Slain by a sky beast (6 damage)
             ... on level 4 of the Dungeon.
             The game lasted 00:09:33 (3143 turns).

Lambsauce the Skirmisher (Hill Orc Fighter)         Turns: 3143, Time: 00:09:34

Health: -3/47      AC:  5    Str: 27    XL:     5   Next: 43%
Magic:  5/5        EV: 10    Int:  8    God:
Gold:   162        SH:  5    Dex: 14    Spells: 4/4 levels left

rFire   . . .      SeeInvis .   o - +4 long sword "Raca" {vorpal, Str+4 Dex+4}
rCold   . . .      Faith    .   c - +0 buckler
rNeg    . . .      Spirit   .   b - +0 scale mail
rPois   .          Reflect  .   j - +0 helmet
rElec   .          Harm     .   (no cloak)
rCorr   .          Rampage  .   (no gloves)
Will    .....                   (no boots)
Stlth   ..........              (no amulet)
HPRegen 0.15/turn               (no ring)
MPRegen 0.09/turn               (no ring)

@: no status effects
A: deformed body, strong 1
a: no special abilities


You were on level 4 of the Dungeon.
You visited 1 branch of the dungeon, and saw 4 of its levels.

You collected 162 gold pieces.

Inventory:

Hand Weapons
 a - a +0 long sword
 e - a +0 dagger of distortion
 g - a +2 dagger of speed
 l - the +4 rapier of Youthful Indiscretion {speed, rC+}
   (You found it on level 3 of the Dungeon)

   Attacks with this weapon are significantly faster.
   rC:        It protects you from cold.
 o - the +4 long sword "Raca" (weapon) {vorpal, Str+4 Dex+4}
   (You found it on level 4 of the Dungeon)

   It inflicts extra damage upon your enemies.
   Str:       It affects your strength (+4).
   Dex:       It affects your dexterity (+4).
Armour
 b - a +0 scale mail (worn)
 c - a +0 buckler (worn)
 j - a +0 helmet (worn)
Wands
 k - a wand of flame (3) (quivered)
Scrolls
 p - a scroll of enchant weapon
Potions
 d - a potion of might


   Skills:
 + Level 4.5 Fighting
 + Level 1.0(2.4) Short Blades
 + Level 3.9(4.0) Long Blades
 + Level 4.1 Armour
 + Level 0.9 Dodging
 + Level 3.6 Shields


You had 4 spell levels left.
You didn't know any spells.
Your spell library contained the following spells:

 Spells                   Type           Power      Damage    Failure   Level
 Animate Skeleton         Necr           0%         N/A       77%         1
 Pain                     Necr           0%         1d4       77%         1
 Vampiric Draining        Necr           0%         2d6       98%         3


Dungeon Overview and Level Annotations

Branches:
Dungeon (4/15)
 Temple: D:4-7

Altars:


Innate Abilities, Weirdness & Mutations

Armour fits poorly on your strangely shaped body.
Your muscles are strong. (Str +2)


Message History

Your body twists and deforms.
You feel stronger.
Found a whip.
Found a long sword.
A jackal skeleton comes into view.
You feel yourself speed up.
You barely miss the jackal skeleton. The jackal skeleton barely misses you.
You block the jackal skeleton's attack.
You slice the jackal skeleton!!
You destroy the jackal skeleton!
You see here a +0 long sword.
A sky beast comes into view.
You recover from your berserk rage.
The sky beast hits you. The sky beast shocks you.
You slash the sky beast!
The sky beast is heavily wounded.
The sky beast hits you but does no damage.
You slash the sky beast!
The sky beast is almost dead.
The sky beast flickers out of sight!
Deactivating autopickup; reactivate with Ctrl-A.
Something hits you but does no damage.
You closely miss something. Something hits you but does no damage.
You closely miss something.
Something hits you but does no damage. x2
You miss something. Something hits you. Something shocks you.
You barely miss something. Something hits you. Something shocks you.
You barely miss something. Something hits you. Something shocks you.
You closely miss something. Something hits you. Something shocks you.
* * * LOW HITPOINT WARNING * * *
Something hits you.
* * * LOW HITPOINT WARNING * * *
Something shocks you.
* * * LOW HITPOINT WARNING * * *
You miss something. Something hits you but does no damage.
Unknown command.
You miss something. Something hits you but does no damage.
Unknown command.
You miss something. Something hits you.
* * * LOW HITPOINT WARNING * * *
Something shocks you.
You die...

,* *,*
#.############.# <*
*,* #<...........#.#
,* *,*
######.........# ,*
*,* #.#####.### ,* *,*
##.#* #.# ,* *,*
##...## #.# ,****,*
##.....###.#
,,,,*,***##.......##)#
***,*,,,,......{@....#
*,*****##.......####
***,******##.....##
,,,,,,,,,* #....##
***,****,* #.#.#* *,*
*,* #.##* *,****,**#,*
***,,,,,*,,,,*
,,,,,***,*****


There were no monsters in sight!

Vanquished Creatures
  Jessica (D:2)
  5 adders
  2 dart slugs
  4 orcs (D:3)
  A bat (D:1)
  6 endoplasms
  A giant cockroach (D:1)
  10 goblins
  11 hobgoblins
  2 jackals (D:1)
  9 kobolds
  4 quokkas
  9 ball pythons
  6 frilled lizards
  A jackal skeleton (D:4)
  6 rats
78 creatures vanquished.

Notes
Turn   | Place    | Note
-------+----------+-------------------------------------------
     0 | D:1      | Lambsauce the Hill Orc Fighter began the quest for the Orb.
     0 | D:1      | Reached XP level 1. HP: 19/19 MP: 1/1
   117 | D:1      | Reached XP level 2. HP: 16/27 MP: 2/2
   372 | D:1      | Found a faded altar of an unknown god.
   728 | D:1      | Reached XP level 3. HP: 29/33 MP: 3/3
  1767 | D:2      | Reached XP level 4. HP: 9/40 MP: 4/4
  2141 | D:2      | Noticed Jessica
  2160 | D:2      | Killed Jessica
  2185 | D:2      | Reached skill level 1 in Short Blades
  2478 | D:2      | Reached XP level 5. HP: 47/47 MP: 5/5
  2806 | D:3      | Identified the +4 rapier of Youthful Indiscretion {speed,
                  | rC+}
  3064 | D:4      | Identified the +4 long sword "Raca" {vorpal, Str+4 Dex+4}
  3105 | D:4      | Gained mutation: Armour fits poorly on your strangely
                  | shaped body. [potion of mutation]
  3105 | D:4      | Gained mutation: Your muscles are strong. (Str +2) [potion
                  | of mutation]
  3129 | D:4      | Noticed a sky beast
  3143 | D:4      | Slain by a sky beast

Illustrated notes

Levels and vault maps discovered:
D:1:      dpeg_arrival_concentric_ovals, layout_loops_ring,
          nicolae_ecumenical_snake_handling
D:2:      layout_basic, uniq_jessica
D:3:      layout_rooms
D:4:      layout_loops_ring

Skill      XL: |  1  2  3  4 |
---------------+-------------+-----
Fighting       | 4 |  4.5
Long Blades    | 3 |  3.9
Armour         | 4 |  4.1
Short Blades   | 1 |  1.0
Dodging        | |  0.9
Shields        | |  3.6

Action                   |  1- 3 |  4- 6 || total
-------------------------+-------+-------++-------
Melee: Long sword        |    98 |    92 ||   190
       Dagger            |    47 |     9 ||    56
       Rapier            |       |     6 ||     6
Evoke: Wand              |       |     2 ||     2
  Use: Potion            |     1 |     3 ||     4
       Scroll            |       |     5 ||     5
Armor: Scale mail        |    77 |    64 ||   141
Dodge: Dodged            |    54 |    37 ||    91
Block: Buckler           |    35 |    16 ||    51
